 Dungeon Crawl Stone Soup version 0.23-a0-586-gacb4b3f (webtiles) character file.

74 inc the Magician (level 4, 18/18 HPs)
             Began as a Felid Conjurer on Dec 18, 2018.
             Quit the game on level 2 of the Dungeon.
             The game lasted 00:03:04 (2799 turns).

inc the Magician (Felid Conjurer)                   Turns: 2799, Time: 00:03:05

Health: 18/18      AC:  1    Str:  4    XL:     4   Next: 9%
Magic:  11/11      EV: 18    Int: 17    God:
Gold:   63         SH:  0    Dex: 17    Spells: 8/11 levels left
                                        Lives:  0   Deaths: 1

rFire    . . .     SeeInvis +   (weapon unavailable)
rCold    . . .     Gourm    .   (shield unavailable)
rNeg     . . .     Faith    .   (armour unavailable)
rPois    .         Spirit   .   (helmet unavailable)
rElec    .         Reflect  .   (cloak unavailable)
rCorr    .         Harm     .   (gloves unavailable)
MR       .....                  (boots unavailable)
Stlth    +++.......             (no amulet)
HPRegen  0.06/turn              (no ring)
MPRegen  0.12/turn              (no ring)

@: quick
A: very small, no armour, no weapons or thrown items, stealth, claws 1, fangs 3,
see invisible, carnivore, speed 1, shaggy fur 1, slow metabolism 1, sharp paws
a: no special abilities


You were on level 2 of the Dungeon.
You were not hungry.

You visited 1 branch of the dungeon, and saw 3 of its levels.

You collected 63 gold pieces.

Inventory:

Jewellery
 l - a cursed amulet of inaccuracy {unknown}
Wands
 h - a wand of polymorph (12)
Scrolls
 a - a scroll of amnesia {unknown}
 e - a scroll of remove curse {unknown}
 f - 2 scrolls of identify {unknown}
 i - a scroll of noise {unknown}
 k - 2 scrolls of blinking {unknown}
Potions
 c - 2 potions of mutation {unknown}
 d - a potion of might {unknown}
 g - 2 potions of curing {unknown}
 j - a potion of flight {unknown}
Comestibles
 b - 4 rations


   Skills:
 - Level 2.6 Dodging
 - Level 2.6 Stealth
 + Level 4.4 Spellcasting
 - Level 4.2 Conjurations


You had 8 spell levels left.
You knew the following spells:

 Your Spells              Type           Power        Failure   Level  Hunger
a - Magic Dart            Conj           ###.         2%          1    None
b - Searing Ray           Conj           ###...       4%          2    ##.....

Your spell library contained the following spells:

 Spells                   Type           Power        Failure   Level  Hunger
 Dazzling Spray           Conj/Hex       ##....       19%         3    ###....
 Iskenderun's Mystic Bla  Conj           ###.....     26%         4    ####...
 Force Lance              Conj/Tloc      ##......     54%         4    ####...
 Fulminant Prism          Conj/Hex       ##........   54%         4    ####...


Dungeon Overview and Level Annotations

Branches:
Dungeon (3/15)

Altars:

Annotations:
D:3 Sigmund


Innate Abilities, Weirdness & Mutations

You cannot wear armour.
You are incapable of wielding weapons or throwing items.
Your paws allow you to move quietly. (Stealth)
You have sharp claws.
You have razor-sharp teeth.
You have supernaturally acute eyesight. (SInv)
You are carnivorous and can eat meat at any time.
You cover ground quickly.
You are covered in fur. (AC +1)
You have a slow metabolism.
Your sharp claws are effective at attacking unaware monsters.


Message History

You don't have enough magic to cast that spell.
Casting: Magic Dart (safe; 2% risk of failure)
Confirm with . or Enter, or press ? or * to list all spells.
Aiming: Magic Dart (safe; 2% risk of failure)
Press: ? - help, Shift-Dir - straight line, f - orc wizard
Aim: an orc wizard, wielding a +0 dagger and wearing a +0 robe (heavily The magic dart hits the orc wizard.
The orc wizard is severely wounded.
The orc wizard closely misses you.
Casting: Magic Dart (safe; 2% risk of failure)
Confirm with . or Enter, or press ? or * to list all spells.
You don't have enough magic to cast that spell.
The orc wizard points at you and mumbles some strange words.
The puff of frost hits you!
Ouch! That really hurt!
You die...
You are now level 4!
You rejoin the land of the living...
Unknown command.
Are you sure you want to abandon this character and quit the game? (Confirm

#...........#....#.######
.........>..#........###
#).####.#......).......#
#.......#...#.####.#.#.#
#....#..#...#....#.#.#.#
#.#..#..#...#....#.#.#.#
#.##.#......#...##.#.#.#
..##........#..)...#.#.#
#.##........#...@....#.#
#..............#.#####.#
#......#....#..........#
#.#....#.........#######
#.#.##.#...########
#.................#
#.####..#.#######.#
#.####......# #.#
#.........#.# #.#


There were no monsters in sight!

Vanquished Creatures
  2 orc priests (D:3)
  2 adders (D:2)
  A worm (D:2)
  3 dart slugs
  3 leopard geckos (D:1)
  4 orcs (D:3)
  3 bats (D:1)
  8 giant cockroaches
  5 goblins
  6 hobgoblins
  A quokka (D:2)
  6 frilled lizards
  7 kobolds
  7 rats
58 creatures vanquished.

Notes
Turn   | Place    | Note
-------+----------+-------------------------------------------
     0 | D:1      | inc the Felid Conjurer began the quest for the Orb.
     0 | D:1      | Reached XP level 1. HP: 7/7 MP: 4/4
   264 | D:1      | Reached XP level 2. HP: 10/11 MP: 0/6
   532 | D:1      | Learned a level 2 spell: Searing Ray
   787 | D:1      | Reached XP level 3. HP: 14/14 MP: 1/7
  2013 | D:2      | Reached XP level 4. HP: 16/18 MP: 2/10
  2341 | D:3      | Noticed Sigmund
  2782 | D:3      | Reached XP level 5. HP: 8/21 MP: 5/12
  2798 | D:2      | Killed from afar by an orc wizard
  2799 | D:2      | Reached XP level 4. HP: -4/18 MP: 0/11
  2799 | D:2      | Quit the game

Vault maps used:
D:1:      dpeg_arrival_rooms_a, minmay_misc_feat_rugged, minmay_misc_feat_cross
D:2:      minmay_split_cup_large
D:3:      trog_eyes_of_draining, uniq_grinder, uniq_sigmund

Skill      XL: |  1  2  3  4 |
---------------+-------------+-----
Conjurations   | 4 |  4.2
Spellcasting   | 3 4 |  4.4
Dodging        | |  2.6
Stealth        | |  2.6

Action                   |  1- 3 |  4- 6 || total
-------------------------+-------+-------++-------
Melee: Unarmed           |    17 |       ||    17
       Bite              |     3 |       ||     3
 Cast: Magic Dart        |   112 |    39 ||   151
  Eat: Chunk             |     2 |     3 ||     5
Armor: Skin              |     4 |       ||     4
Dodge: Dodged            |    30 |     5 ||    35

Table legend:
 A = Non-vault XP
 B = Vault XP
 C = Vault XP percentage of total XP
 D = Non-vault monster count
 E = Vault monster count
 F = Vault count percentage of total count
                 A         B        C        D         E       F
            +---------+---------+-------+---------+---------+-------
      Total |     205 |       8 |   3.8 |      54 |       4 |   6.9
            +---------+---------+-------+---------+---------+-------
        D:1 |      56 |       0 |   0.0 |      31 |       0 |   0.0
        D:2 |      52 |       8 |  13.3 |      15 |       4 |  21.1
        D:3 |      97 |       0 |   0.0 |       8 |       0 |   0.0
            +---------+---------+-------+---------+---------+-------
